 Dungeon Crawl Stone Soup version 0.22-a0-252-gcace5d2 (webtiles) character file.

31 Drusha21 the Magician (level 3, 0/19 HPs)
             Began as a Deep Elf Wizard on Mar 2, 2018.
             Slain by an adder (1 damage)
             ... on level 2 of the Dungeon.
             The game lasted 00:07:20 (1144 turns).

Drusha21 the Magician (Deep Elf Wizard)             Turns: 1144, Time: 00:07:20

Health: 0/19       AC:  2    Str:  9    XL:     3   Next: 7%
Magic:  2/12       EV: 13    Int: 23    God:
Gold:   10         SH:  0    Dex: 13    Spells: 12/13 levels left

rFire    . . .     SeeInvis .   g - +1 dagger (venom)
rCold    . . .     Gourm    .   (no shield)
rNeg     . . .     Faith    .   a - +0 robe
rPois    .         Spirit   .   b - +0 hat
rElec    .         Reflect  .   (no cloak)
rCorr    .         Harm     .   (no gloves)
MR       .....                  (no boots)
Stlth    ++........             (no amulet)
HPRegen  0.06/turn              (no ring)
MPRegen  0.13/turn              (no ring)

@: mighty, lethally poisoned (0 -> -8), flying, very slightly contaminated
A: no striking features
a: no special abilities


You were on level 2 of the Dungeon.
You were hungry.

You visited 1 branch of the dungeon, and saw 2 of its levels.

You collected 10 gold pieces.

Inventory:

Hand Weapons
 g - a +1 dagger of venom (weapon)
Armour
 a - a +0 robe (worn)
 b - a +0 hat (worn)
 n - a +1 helmet
Jewellery
 i - an uncursed ring of ice {unknown}
Wands
 o - a wand of digging (13)
Scrolls
 c - a scroll of identify {unknown}
 k - a scroll of fog {unknown}
 l - a scroll of remove curse {unknown}
 m - a scroll of teleportation {unknown}
Potions
 e - a potion of might
 f - a potion of lignification {unknown}
Comestibles
 d - a ration
 h - 3 chunks of flesh


   Skills:
 + Level 2.5 Dodging
 + Level 2.6 Stealth
 + Level 5.6 Spellcasting
 + Level 1.5 Conjurations
   Level 1.1 Summonings
   Level 1.1 Translocations


You had 12 spell levels left.
You knew the following spells:

 Your Spells              Type           Power        Failure   Level  Hunger
a - Magic Dart            Conj           ##..         4%          1    None


Dungeon Overview and Level Annotations

Branches:
Dungeon (2/15)

Altars:
Cheibriados


Message History

The stone closely misses you. The bat hits you but does no damage.
The adder bites you.
* * * LOW HITPOINT WARNING * * *
You are lethally poisoned!
The adder poisons you!
It was a potion of might.
You feel very mighty all of a sudden.
* * * LOW HITPOINT WARNING * * *
You feel sick. The bat closely misses you.
The kobold throws a stone.
The stone misses you. The adder bites you.
* * * LOW HITPOINT WARNING * * *
It was a potion of flight.
You feel very buoyant.
You fly up into the air.
* * * LOW HITPOINT WARNING * * *
You feel sick.
You kill the bat!
The adder closely misses you.
The kobold throws a stone.
The stone closely misses you. The adder bites you.
You die...

.... ... ... ###.###
#. ##.....## .
#..#(......#.#
####..#.......#.#
.........@._.....#
#.......#..S....#.
#.......#.......#
#.......##.K...##
#.......####†####..
#..........(........
#...............<...
#...................
########.............


You could see an adder and a kobold.

Vanquished Creatures
  A dart slug (D:1)
  9 bats
  3 giant cockroaches
  4 hobgoblins
  4 kobolds (D:1)
  A quokka (D:2)
  2 frilled lizards (D:1)
  3 goblins (D:1)
  2 rats (D:1)
29 creatures vanquished.

Notes
Turn   | Place    | Note
-------+----------+-------------------------------------------
     0 | D:1      | Drusha21 the Deep Elf Wizard began the quest for the Orb.
     0 | D:1      | Reached XP level 1. HP: 10/10 MP: 7/7
   251 | D:1      | Reached skill level 5 in Spellcasting
   251 | D:1      | Reached XP level 2. HP: 14/15 MP: 6/10
  1117 | D:2      | Found a snail-covered altar of Cheibriados.
  1120 | D:2      | Reached XP level 3. HP: 18/19 MP: 8/12
  1144 | D:2      | Slain by an adder

Vault maps used:
D:1:      lemuel_arrival_room, minmay_quantized
D:2:      wad_lake_hut, old_standard_altar

Skill      XL: |  1 |
---------------+----+-----
Spellcasting   | 5 |  5.6
Dodging        | |  2.5
Stealth        | |  2.6
Conjurations   | |  1.5
Summonings     | |  1.1
Translocations | |  1.1

Action                   || total
-------------------------++-------
Melee: Dagger            ||    14
 Cast: Magic Dart        ||    66
  Use: Potion            ||     2
Armor: Robe              ||     8
Dodge: Dodged            ||    33

Table legend:
 A = Spawn XP
 B = Non-spawn XP
 C = Spawn XP percentage of total XP
 D = Spawn monster count
 E = Non-spawn monster count
 F = Spawn count percentage of total count
 G = Total turns spent on level
                    A         B        C        D         E        F      G
               +---------+---------+-------+---------+---------+-------+---------
         Total |       0 |      45 |   0.0 |       0 |      29 |   0.0 |  1144
               +---------+---------+-------+---------+---------+-------+---------
           D:1 |       0 |      35 |   0.0 |       0 |      23 |   0.0 |  1007
           D:2 |       0 |      10 |   0.0 |       0 |       6 |   0.0 |   137
               +---------+---------+-------+---------+---------+-------+---------
